 Dungeon Crawl Stone Soup version 0.25-a0-578-gc91f01c39c (webtiles) character file.

Game seed: 4151497186362561511, levelgen mode: deterministic

7413 ipx the Severer (level 11, -8/130 (138) HPs)
             Began as a Hill Orc Fighter on Mar 4, 2020.
             Was a Believer of Trog.
             Killed from afar by a death drake (23 damage)
             ... with a foul vapour
             ... in a Gauntlet.
             The game lasted 00:56:45 (4051 turns).

ipx the Severer (Hill Orc Fighter)                  Turns: 4051, Time: 00:56:45

HP:   -8/130 (138)  AC: 13    Str: 23    XL:     11   Next: 14%
MP:   15/15         EV:  8    Int: 10    God:    Trog [**....]
Gold: 513           SH:  0    Dex: 10    Spells: 10/10 levels left

rFire    + + .     SeeInvis .   a - +3 battleaxe (elec)
rCold    + . .     Gourm    .   (shield currently unavailable)
rNeg     + . .     Faith    .   d - +0 chain mail
rPois    +         Spirit   .   (no helmet)
rElec    +         Reflect  .   (no cloak)
rCorr    +         Harm     .   i - +2 pair of gloves
MR       +....     NoTele   +   (no boots)
Stlth    ..........             B - amulet of the acrobat
HPRegen  0.31/turn              m - ring of protection from magic
MPRegen  0.14/turn              z - ring "Ulon" {+Blink rF+ rN+}

@: berserking (expiring), lethally poisoned (-8 -> -15), resistant, slowed
A: clever 1, mutation resistance 1
a: Berserk, Trog's Hand, Renounce Religion, Evoke Blink


You were in a Gauntlet.
You worshipped Trog.
Trog was pleased with you.
You were hungry.

You visited 2 branches of the dungeon, and saw 12 of its levels.
You also visited: Gauntlet.

You collected 513 gold pieces.

Inventory:

Hand Weapons
 a - a +3 battleaxe of electrocution (weapon)
 b - a +0 hand crossbow
 h - a +1 war axe of flaming
 w - a +1 vampiric trident
Missiles
 g - 16 bolts
 j - a throwing net
 p - 4 silver javelins (quivered)
 q - 3 boomerangs of dispersal
 y - 4 boomerangs
 E - 6 curare-tipped darts
Armour
 c - a +0 kite shield
 d - a +0 chain mail (worn)
 i - a +2 pair of gloves (worn)
 A - a +0 troll leather armour
 G - a +2 cloak of poison resistance
Jewellery
 e - an uncursed ring of positive energy
 m - a ring of protection from magic (left hand)
 z - the ring "Ulon" (right hand) {+Blink rF+ rN+}
   (You found it on level 10 of the Dungeon)

   [ring of protection from fire]

   It protects you from fire.
   It protects you from negative energy.
   It lets you blink.
 B - an amulet of the acrobat (around neck)
Wands
 o - a wand of iceblast (2)
 v - a wand of random effects (40)
 C - a wand of scattershot (7)
 D - a wand of flame (17)
Scrolls
 l - 8 scrolls of teleportation
 t - 2 scrolls of remove curse
 u - a scroll of identify {unknown}
Potions
 k - 2 potions of curing
 n - a potion of mutation
 r - 2 potions of haste {unknown}
 s - 4 potions of degeneration {unknown}
 x - a potion of berserk rage {unknown}
Comestibles
 f - 18 rations


   Skills:
 - Level 7.0 Fighting
 * Level 15.2 Axes
 + Level 6.5 Armour
 - Level 8.1 Shields
 - Level 6.0 Evocations


You had 10 spell levels left.
You didn't know any spells.
Your spell library contained the following spells:

 Spells                   Type           Power        Failure   Level  Hunger
 Corona                   Hex            #......      95%         1    ##.....
 Slow                     Hex            #.......     98%         2    ###....
 Inner Flame              Hex/Fire       #.......     100%        3    ####...
 Portal Projectile        Hex/Tloc       #.....       100%        3    ####...
 Cause Fear               Hex            #.........   100%        4    #####..
 Leda's Liquefaction      Hex/Erth       #.........   100%        4    #####..


Dungeon Overview and Level Annotations

Branches:
Dungeon (11/15)            Temple (1/1) D:6            Lair (0/6) D:11
Gauntlet (1/1)
    Orc: D:9-12

Altars:
Elyvilon
Gozag
Kikubaaqudgha
Makhleb
Okawaru
Sif Muna
Trog
Uskayaw
Xom
Zin

Shops:
D:7 [

Annotations:
D:7 Duvessa, Menkaure
D:10 Erolcha Gauntlet 7 transporters


Innate Abilities, Weirdness & Mutations

Your mind is acute. (Int +2)
You are somewhat resistant to further mutation.


Message History

Trog accepts your kill.
Your life force feels restored.
You feel sick.
The death drake bites you but does no damage.
The death drake bites you.
* * * LOW HITPOINT WARNING * * *
You closely miss the death drake.
The death drake is heavily wounded.
You slash the centaur warrior zombie!
You feel sick.
The centaur warrior zombie barely misses you.
The death drake barely misses you.
You slice the death drake!!
The death drake is almost dead.
You hit the centaur warrior zombie.
You feel sick. The centaur warrior zombie hits you.
* * * LOW HITPOINT WARNING * * *
The death drake breathes miasma at you. The foul vapour engulfs you!!
You feel your flesh rotting away!
You die...

#########.©..©.#######
###≈#≈#≈#≈########≈#≈#≈#≈
#≈......................§
##...........∩...........
#≈..#########..##########
##..#.[[©!..#..#2.|.©[)..
#≈..#.####..#..#h.##.##..
##..#.#..k#.#..#^#..#..#.
#≈..#Z#.@.#.#..#.#..#..#.
##..#.#Z..#.#..#.^#####^.
#≈..#..####.#..#.#..# .#.
##..#..○.Z..#..#.#..#..
#≈..#########..#..##.##
##.....#©#.....#.......
#≈.....#©#.....########
##..#########......#©#.
#≈..#...#w#©#......#©#.


You could see a death drake and a centaur warrior zombie.

Vanquished Creatures
  Erica (D:11)
  Urug (D:10)
  Sonja (D:11)
  A spectral wolf spider (Gauntlet)
  A centaur zombie (Gauntlet)
  A spectral centaur (Gauntlet)
  Maggie (D:10)
  A queen bee (Gauntlet)
  A troll (D:9)
  3 yaks (D:10)
  A soldier ant (D:11)
  2 black bears (D:9)
  3 sky beasts
  2 orc warriors
  6 ogres
  A necrophage (D:11)
  An ice beast (D:10)
  4 centaurs
  4 big kobolds
  A bullfrog (D:11)
  2 scorpions
  Dowan (D:7)
  3 killer bees (Gauntlet)
  2 howler monkeys
  2 crimson imps
  A bullfrog zombie (D:8)
  4 jellies
  2 hounds
  An orc wizard (D:8)
  4 iguanas
  3 bullfrog skeletons
  3 worker ants
  A hound skeleton (D:9)
  A hound zombie (D:5)
  A howler monkey zombie (D:5)
  A worker ant zombie (D:6)
  6 gnolls
  5 adders
  An ooze (D:3)
  An adder skeleton (D:6)
  2 worms
  3 leopard geckos (D:3)
  12 orcs
  5 giant cockroaches
  10 goblins
  6 hobgoblins
  2 jackals (D:9)
  A quokka (D:2)
  2 bats
  4 frilled lizards
  13 kobolds
  4 rats
146 creatures vanquished.

Notes
Turn   | Place    | Note
-------+----------+-------------------------------------------
     0 | D:1      | ipx the Hill Orc Fighter began the quest for the Orb.
     0 | D:1      | Reached XP level 1. HP: 19/19 MP: 1/1
    26 | D:1      | Reached skill level 3 in Axes
   128 | D:1      | Reached XP level 2. HP: 25/26 MP: 2/2
   284 | D:1      | Reached skill level 4 in Axes
   442 | D:2      | Found an opulent altar of Gozag.
   465 | D:2      | Reached XP level 3. HP: 31/31 MP: 3/3
   470 | D:2      | Reached skill level 5 in Axes
   547 | D:2      | Reached XP level 4. HP: 29/39 MP: 4/4
   740 | D:3      | Reached skill level 6 in Axes
   761 | D:3      | You fall into a shaft and drop 2 floors!
   761 | D:5      | Entered Level 5 of the Dungeon
   765 | D:5      | Noticed a centaur
   782 | D:4      | Found an ancient bone altar of Kikubaaqudgha.
   848 | D:3      | Reached XP level 5. HP: 45/45 MP: 5/5
   979 | D:5      | Noticed an ogre
   982 | D:5      | Reached skill level 7 in Axes
  1046 | D:5      | Killed a centaur
  1046 | D:5      | Reached skill level 8 in Axes
  1046 | D:5      | Reached XP level 6. HP: 27/51 MP: 6/6
  1077 | D:5      | Reached skill level 9 in Axes
  1271 | D:6      | Found a staircase to the Ecumenical Temple.
  1279 | Temple   | Entered the Ecumenical Temple
  1310 | Temple   | Became a worshipper of Trog the Wrathful
  1344 | Temple   | Reached XP level 7. HP: 42/58 MP: 7/7
  1627 | D:5      | Reached skill level 10 in Axes
  1661 | D:6      | Reached skill level 5 in Fighting
  1751 | D:6      | Reached skill level 5 in Shields
  1751 | D:6      | Reached XP level 8. HP: 12/68 MP: 8/8
  1919 | D:6      | Found a glowing silver altar of Zin.
  2044 | D:7      | Found Tyengic's Armour Shoppe.
  2109 | D:7      | Reached skill level 1 in Evocations
  2123 | D:7      | Noticed Duvessa
  2144 | D:8      | Found a shimmering altar of Xom.
  2176 | D:7      | Noticed Dowan
  2183 | D:7      | Gained mutation: Your mind is acute. (Int +2) [potion of
                  | mutation]
  2183 | D:7      | Gained mutation: You are somewhat resistant to further
                  | mutation. [potion of mutation]
  2197 | D:7      | Killed Dowan
  2211 | D:8      | Found a shimmering blue altar of Sif Muna.
  2212 | D:8      | Found a hide-covered altar of Uskayaw.
  2218 | D:8      | Found a burning altar of Makhleb.
  2262 | D:8      | Reached XP level 9. HP: 78/78 MP: 10/10
  2283 | D:8      | Reached * piety under Trog
  2283 | D:8      | Reached skill level 11 in Axes
  2416 | D:7      | Noticed Menkaure
  2649 | D:10     | Entered Level 10 of the Dungeon
  2719 | D:10     | Found a white marble altar of Elyvilon.
  2782 | D:10     | Noticed Urug
  2811 | D:10     | Killed Urug
  2811 | D:10     | Reached skill level 12 in Axes
  3122 | D:10     | Noticed Maggie
  3133 | D:10     | Killed Maggie
  3133 | D:10     | Reached XP level 10. HP: 84/84 MP: 13/13
  3190 | D:10     | Reached skill level 13 in Axes
  3243 | D:10     | Got a wavering silver ring
  3244 | D:10     | Identified the ring "Ulon" {+Blink rF+ rN+} (You found it
                  | on level 10 of the Dungeon)
  3331 | D:10     | Noticed Erolcha
  3552 | D:11     | Noticed Sonja
  3664 | D:11     | Killed Sonja
  3664 | D:11     | Reached skill level 5 in Armour
  3664 | D:11     | Reached skill level 5 in Evocations
  3677 | D:11     | Reached skill level 14 in Axes
  3695 | D:11     | Reached ** piety under Trog
  3746 | D:11     | Found a staircase to the Lair.
  3760 | D:11     | Found a gate leading to a gauntlet.
  3760 | D:11     | Noticed Erica
  3772 | D:11     | Killed Erica
  3786 | Gauntlet | Entered a Gauntlet
  3786 | Gauntlet | Found a transporter.
  3786 | Gauntlet | Found a transporter.
  3787 | Gauntlet | Found a transporter.
  3788 | Gauntlet | Found a transporter.
  3789 | Gauntlet | Found a transporter.
  3791 | Gauntlet | Found a transporter.
  3791 | Gauntlet | Noticed a death ooze
  3801 | Gauntlet | Found a transporter.
  3802 | Gauntlet | Found a transporter.
  3805 | Gauntlet | Found a transporter.
  3805 | Gauntlet | Found a transporter.
  3808 | Gauntlet | Noticed a balrug
  3812 | Gauntlet | Noticed a spectral wolf spider
  3817 | Gauntlet | Found a transporter.
  3817 | Gauntlet | Found a transporter.
  3839 | Gauntlet | Noticed a death drake
  3839 | Gauntlet | Noticed a spectral centaur warrior
  4045 | Gauntlet | Killed a spectral wolf spider
  4045 | Gauntlet | Reached XP level 11. HP: 51/90 MP: 15/15
  4045 | Gauntlet | Reached skill level 15 in Axes
  4051 | Gauntlet | Killed from afar by a death drake

Levels and vault maps discovered:
D:1:      dpeg_arrival_boxorama, layout_loops_ring
D:2:      layout_loops_corners, grunt_gozag_breadcrumbs, first_ration
D:3:      layout_rooms
D:4:      layout_basic, kiku_gazebo_garden_becter, marbit_many_paths,
          trog_hazing_becter
D:5:      layout_rooms, nicolae_overflow_hidden_temple,
          minmay_misc_feat_ornament
D:6:      layout_rooms, kennysheep_mini_moat, minmay_temple_entry_purple_smoke
D:7:      layout_basic, lemuel_coloured_pillars_altar, serial_shops, shop,
          uniq_menkaure, uniq_duvessa
D:8:      layout_cave_pools, nicolae_overflow_crystal_walls,
          gammafunk_temple_overflow_statue, basic_altar
D:9:      layout_roguey, uniq_harold
D:10:     layout_basic, blue_anna_alchemist [blue_anna_fruit_fields,
          blue_anna_fruit_fields], chequers_serial_rivers_small_b,
          elyvilon_altar_5, uniq_urug, uniq_snorg, uniq_maggie, uniq_erolcha
D:11:     layout_cave_pools, lair_entry_dummy, serial_shops, shop,
          gauntlet_entry_generic, uniq_erica, uniq_sonja, uniq_nergalle
Temple:   minmay_temple_forest_path
Gauntlet: minmay_gauntlet_mixed_big_or_small
          [gammafunk_gauntlet_arena_split_diamond,
          minmay_gauntlet_arena_77_mess, gammafunk_gauntlet_arena_crates,
          minmay_gauntlet_arena_77_radiant_squares,
          nicolae_gauntlet_arena_quarters, minmay_gauntlet_arena_77_box,
          gauntlet_exit_green]

Skill      XL: |  1  2  3  4  5  6  7  8  9 10 11 |
---------------+----------------------------------+-----
Axes           | 3 4 5 6 8 9 10 12 14 15 | 15.2
Fighting       | 5 6 7 |  7.0
Shields        | 5 6 8 |  8.1
Evocations     | 1 4 6 |  6.0
Armour         | 6 |  6.5

Action                   |  1- 3 |  4- 6 |  7- 9 | 10-12 || total
-------------------------+-------+-------+-------+-------++-------
Melee: War axe           |    81 |   101 |    77 |       ||   259
       Trident           |       |       |   196 |       ||   196
       Battleaxe         |       |       |     3 |   102 ||   105
 Fire: Hunting sling     |     3 |     9 |       |       ||    12
       Hand crossbow     |       |       |    16 |     3 ||    19
Throw: Boomerang         |     3 |       |       |       ||     3
       Javelin           |       |     4 |     6 |     5 ||    15
       Dart              |       |       |       |     1 ||     1
Invok: Berserk           |       |       |     2 |     3 ||     5
       Trog's Hand       |       |       |       |     1 ||     1
Evoke: Wand              |       |       |    22 |    11 ||    33
  Use: Potion            |       |     8 |     3 |     2 ||    13
       Scroll            |       |     4 |     2 |       ||     6
 Stab: Distracted        |       |       |       |     1 ||     1
  Eat: Chunk             |       |     2 |     8 |     1 ||    11
       Ration            |       |       |       |     2 ||     2
Armor: Scale mail        |    31 |    27 |    11 |       ||    69
       Skin              |       |    28 |       |       ||    28
       Chain mail        |       |       |    86 |    72 ||   158
Dodge: Dodged            |    23 |    21 |    43 |    70 ||   157
Block: Kite shield       |    49 |    51 |   137 |       ||   237

Table legend:
 A = Non-vault XP
 B = Vault XP
 C = Vault XP percentage of total XP
 D = Non-vault monster count
 E = Vault monster count
 F = Vault count percentage of total count
                 A         B        C        D         E       F
            +---------+---------+-------+---------+---------+-------
      Total |    5237 |    5354 |  50.6 |     133 |      13 |   8.9
            +---------+---------+-------+---------+---------+-------
        D:1 |      19 |       0 |   0.0 |      13 |       0 |   0.0
        D:2 |      73 |       0 |   0.0 |      16 |       0 |   0.0
        D:3 |      43 |       0 |   0.0 |      16 |       0 |   0.0
        D:4 |      42 |       0 |   0.0 |       2 |       0 |   0.0
        D:5 |     582 |       0 |   0.0 |      14 |       0 |   0.0
        D:6 |    1022 |       0 |   0.0 |      19 |       0 |   0.0
        D:7 |     367 |      69 |  15.8 |       6 |       1 |  14.3
        D:8 |     491 |       0 |   0.0 |      11 |       0 |   0.0
        D:9 |     730 |       0 |   0.0 |      12 |       0 |   0.0
       D:10 |    1013 |    1335 |  56.9 |      11 |       3 |  21.4
       D:11 |     816 |    1753 |  68.2 |      11 |       2 |  15.4
     Temple |      39 |       0 |   0.0 |       2 |       0 |   0.0
   Gauntlet |       0 |    2197 | 100.0 |       0 |       7 | 100.0
            +---------+---------+-------+---------+---------+-------
